 Dungeon Crawl Stone Soup version 0.31-a0-424-g41b3b0883d (webtiles) character file.

Game seed: 18330716570820187693

56 Ajdolov the Changeling (level 3, -1/17 HPs)
             Began as a Vine Stalker Shapeshifter on July 30, 2023.
             Was a Follower of Uskayaw.
             Slain by a gnoll
             ... wielding a +0 flail
              (9 damage)
             ... on level 4 of the Dungeon.
             The game lasted 00:02:07 (1788 turns).

Ajdolov the Changeling (Vine Stalker Shapeshifter)  Turns: 1788, Time: 00:02:08

Health: -1/17      AC:  3    Str: 19    XL:     3   Next: 97%
Magic:  0/4        EV: 16    Int:  8    God:    Uskayaw [*.....]
Gold:   123        SH:  0    Dex: 14    Spells: 2/2 levels left

rFire   . .          .
                       - Unarmed
rCold   . . .        (no shield)
rNeg    . . .        i - +0 leather armour
rPois   .            (helmet currently unavailable)
rElec   .            (cloak currently unavailable)
rCorr   .            (gloves currently unavailable)
SInv    .            (boots currently unavailable)
Will    .....        (no amulet)
Stlth   +            p - +5 ring of evasion
HPRegen 0.22/turn    (no ring)
MPRegen 0.09/turn

%: guardian spirit
@: beast-form
A: beast (slay +2), fangs 2, magic shield, antimagic bite, no potion heal 2
a: Begin Untransformation, Renounce Religion, Stomp


You were on level 4 of the Dungeon.
You worshipped Uskayaw.
Uskayaw was noncommittal.
You were a hulking beast.
You visited 1 branch of the dungeon, and saw 4 of its levels.

You collected 123 gold pieces.

Inventory:

Armour
 i - a +0 leather armour (worn)
 j - a +0 pair of gloves
 l - a +0 helmet
Jewellery
 g - a ring of ice
 p - a +5 ring of evasion (left hand)
Talismans
 c - a beast talisman (active)
Scrolls
 a - a scroll of acquirement {unknown}
 e - 3 scrolls of identify {unknown}
 h - a scroll of blinking {unknown}
 m - a scroll of summoning {unknown}
 n - 4 scrolls of noise {unknown}
Potions
 b - 2 potions of lignification
 d - a potion of haste {unknown}
 f - a potion of invisibility {unknown}
 k - a potion of curing {unknown}
 o - a potion of might {unknown}
 q - a potion of magic {unknown}


   Skills:
 - Level 0.8 Fighting
 - Level 1.5 Dodging
 + Level 3.6 Unarmed Combat
 * Level 3.9 Shapeshifting


You had 2 spell levels left.
You didn't know any spells.
Your spell library contained the following spells:

 Spells                   Type           Power      Damage    Failure   Level
 Sublimation of Blood     Necr           0%         N/A       61%         2
 Wereblood                Tmut           0%         N/A       61%         2
 Dazzling Flash           Conj/Hex       0%         N/A       83%         3
 Agony                    Necr           0%         N/A       100%        5
 Silence                  Hex/Air        0%         N/A       100%        5
 Haunt                    Necr/Summ      0%         N/A       100%        7
 Summon Hydra             Summ           0%         N/A       100%        7
 Borgnjor's Revivificati  Necr           0%         N/A       100%        8
 Death's Door             Necr           0%         N/A       100%        9


Dungeon Overview and Level Annotations

Branches:
Dungeon (4/15)
 Temple: D:4-7

Altars:
Uskayaw
Wu Jian


Innate Abilities, Weirdness & Mutations

You are a hulking beast.
Your limbs bulge with bestial killing power. (Slay +2)
You have extremely sharp teeth.
When hurt, damage is shared between your health and your magic reserves.
Your bite disrupts and absorbs the magic of your enemies.
Potions cannot restore your health.


Message History

You kneel at the altar of Uskayaw.
Uskayaw welcomes you!
There is an escape hatch in the floor here.
Found 6 stones.
You see here 6 stones.
A rat comes into view.
You closely miss the rat. Your bite misses the rat. The rat misses you.
You punch the rat!
You kill the rat!
No target in view!
Found 8 stones.
q - a coppery potion You pick up a book of Blood and begin reading...
You add the spells Sublimation of Blood, Wereblood and Summon Hydra to your library.
Things that are here:
a +0 dagger; a goblin skeleton Done exploring.
Done exploring.
There is a stone staircase leading down here.
You climb downwards.
You hear the hiss of flowing sand.
There is an entrance to an ossuary on this level.
Hurry and find it before the portal is buried!
There is a stone staircase leading up here.
A gnoll comes into view. It is wielding a +0 flail.
The gnoll shouts!
A gnoll comes into view. It is wielding a +0 whip.
You closely miss the gnoll. Your bite misses the gnoll.
The gnoll hits you with a +0 flail.
You barely miss the gnoll. You bite the gnoll. You drain its power.
You feel invigorated.
The gnoll is moderately wounded.
The gnoll hits you with a +0 flail.
You can now stomp with the beat.
You are too injured to fight recklessly!
You are too injured to fight recklessly!
The gnoll attacks as you move away! The gnoll barely misses you.
There is a stone staircase leading up here.
The gnoll hits you with a +0 flail!
Ouch! That really hurt!
You die...

#..###.# ..##
#..... ###.#..
##....###.......
#...............
##..#.............
....##..g.......#
#.............##
#......##g....#..
##....###h.......
##... ####....#
#.... ....# ###.#
..## ## .# ##


You could see 2 gnolls.

Vanquished Creatures
  Robin (D:2)
  2 dart slugs (D:1)
  3 endoplasms
  11 goblins
  6 hobgoblins
  4 kobolds
  2 quokkas
  A ball python (D:2)
  5 bats
  2 frilled lizards
  2 rats
39 creatures vanquished.

Notes
Turn   | Place    | Note
-------+----------+-------------------------------------------
     0 | D:1      | Ajdolov the Vine Stalker Shapeshifter began the quest for
                  | the Orb.
     0 | D:1      | Reached XP level 1. HP: 9/9 MP: 2/2
   266 | D:1      | Reached XP level 2. HP: 12/14 MP: 1/3
   778 | D:2      | Noticed Robin
   844 | D:1      | Reached XP level 3. HP: 17/17 MP: 4/4
   891 | D:2      | Found a faded altar of an unknown god.
   996 | D:2      | Killed Robin
  1394 | D:3      | Found an ornate altar of the Wu Jian Council.
  1397 | D:3      | Found a hide-covered altar of Uskayaw.
  1401 | D:3      | Became a worshipper of Uskayaw the Reveller
  1782 | D:4      | Reached * piety under Uskayaw
  1788 | D:4      | Slain by a gnoll

Illustrated notes

Levels and vault maps discovered:
D:1:      eino_arrival_tree_alley, layout_loops_ring
D:2:      layout_rooms, chequers_ecumenical_altar_simple, uniq_robin
D:3:      layout_loops_ring, minitemple
D:4:      layout_cave_pools, mainiacjoe_overflow_brackets, enter_ossuary_4,
          chequers_serial_rivers_micro_b, serial_bayou_pond_e,
          minmay_hedge_maze, uniq_grinder

Action                     || total
---------------------------++-------
  Melee: Unarmed           ||    67
         Bite              ||    13
         Punch             ||     1
 Armour: Animal skin       ||     1
         Leather armour    ||    11
  Dodge: Dodged            ||    43

Table legend: (Time is in decaauts)
 A = Elapsed time spent in this place.
 B = Non-inter-level travel time spent in this place.
 C = Inter-level travel time spent in this place.
 D = Time resting spent in this place.
 E = Time spent auto-exploring this place.
 F = Levels seen in this place.
 G = Mean time per level.
                   A        B        C        D        E       F      G
               +--------+--------+--------+--------+--------+-----+--------+
         Total |   1785 |   1714 |     71 |     32 |   1388 |   4 |  446.2 |
       Dungeon |   1785 |   1714 |     71 |     32 |   1388 |   4 |  446.2 |
               +--------+--------+--------+--------+--------+-----+--------+

Top non-repeatable levels by time:
     D:1: 698 daAuts
     D:3: 654 daAuts
     D:2: 416 daAuts
     D:4: 15 daAuts
